 Dungeon Crawl Stone Soup version 0.26-a0-651-gb41185065b (webtiles) character file.

Game seed: 13032709835795295732

13027 Flugslaktarn the Cleaver (level 11, -3/108 HPs)
             Began as a Deep Dwarf Fighter on Oct 6, 2020.
             Was a Believer of Makhleb.
             Slain by a minotaur
             ... wielding a +2 scimitar of protection
              (19 damage)
             ... in a Gauntlet.
             The game lasted 00:05:20 (5729 turns).

Flugslaktarn the Cleaver (Deep Dwarf Fighter)       Turns: 5729, Time: 00:05:21

Health: -3/108     AC: 18    Str: 28    XL:     11   Next: 70%
Magic:  0/0        EV: 10    Int: 12    God:    Makhleb [**....]
Gold:   561        SH:  5    Dex: 13    Spells: 10/10 levels left

rFire    . . .     SeeInvis .   y - +6 battleaxe (elec)
rCold    . . .     Faith    .   (shield currently unavailable)
rNeg     . . .     Spirit   .   n - +0 plate armour
rPois    .         Reflect  +   A - +1 helmet {Int+3}
rElec    .         Harm     .   G - +0 cloak {rCorr}
rCorr    +         Rampage  .   b - +0 pair of gloves
MR       ++...     NoTele   +   (no boots)
Stlth    ..........             i - amulet of reflection
HPRegen  0.00/turn              m - ring of protection from magic
MPRegen  0.07/turn              k - +6 ring of strength

@: very slightly contaminated, non-regenerating, invisible
A: damage resistance, heal wounds, sense surroundings 2, no regeneration
a: Heal Wounds, Minor Destruction, Renounce Religion


You were in a Gauntlet.
You worshipped Makhleb.
Makhleb was pleased with you.
You visited 2 branches of the dungeon, and saw 12 of its levels.
You also visited: Gauntlet.

You collected 561 gold pieces.

Inventory:

Hand Weapons
 a - a +1 war axe
 y - a +6 battleaxe of electrocution (weapon)
   (You took it off a wight on level 9 of the Dungeon)
Missiles
 j - a throwing net (quivered)
Armour
 b - a +0 pair of gloves (worn)
   (You found it on level 5 of the Dungeon)
 c - a +0 kite shield
 e - a +1 helmet
   (You found it on level 1 of the Dungeon)
 n - a +0 plate armour (worn)
   (You found it on level 6 of the Dungeon)
 A - a +1 helmet of intelligence (worn)
   (You found it in a Gauntlet)
 G - a +0 cloak of preservation (worn)
   (You found it in a Gauntlet)
Jewellery
 g - the ring of Dozaq {rF+ rC- Int+6 Dex+5}
   (You found it on level 4 of the Dungeon)

   [ring of intelligence]

   It affects your intelligence (+6).
   It affects your dexterity (+5).
   It protects you from fire.
   It makes you vulnerable to cold.
 i - an amulet of reflection (around neck)
   (You found it on level 10 of the Dungeon)
 k - a +6 ring of strength (right hand)
   (You found it on level 5 of the Dungeon)
 m - a ring of protection from magic (left hand)
   (You found it on level 7 of the Dungeon)
 C - a cursed ring of resist corrosion {unknown}
   (You found it in a Gauntlet)
Wands
 l - a wand of acid (7)
   (You found it on level 7 of the Dungeon)
 B - a wand of iceblast (23)
   (You found it on level 7 of the Dungeon)
Scrolls
 o - 3 scrolls of immolation
 t - 4 scrolls of teleportation
 x - 6 scrolls of remove curse
 z - a scroll of blinking
Potions
 d - 5 potions of might
 f - a potion of invisibility
 h - 2 potions of flight
 p - a potion of cancellation
 q - 5 potions of curing
 s - 2 potions of mutation
 v - 2 potions of stabbing
 w - 3 potions of heal wounds
 D - a potion of haste {unknown}
 F - a potion of lignification {unknown}


   Skills:
 * Level 9.7 Fighting
 * Level 11.2 Axes
 + Level 8.4 Armour
 + Level 6.1 Dodging
 - Level 6.3 Shields
 + Level 6.4 Invocations
 + Level 6.5 Evocations


You had 10 spell levels left.
You didn't know any spells.
Your spell library was empty.

Dungeon Overview and Level Annotations

Branches:
Dungeon (11/15)            Temple (1/1) D:7            Lair (0/6) D:9
    Orc (0/2) D:11        Gauntlet (1/1)

Altars:
Ashenzari
Dithmenos
Elyvilon
Fedhas
Gozag
Kikubaaqudgha
Makhleb
Qazlal
Ru
Sif Muna
Trog
Uskayaw
Vehumet
Wu Jian
Xom
Yredelemnul
Zin
The Shining One

Annotations:
D:5 2 transporters Gauntlet 8 transporters, 18 runed translucent doors


Innate Abilities, Weirdness & Mutations

You are resistant to damage.
You can heal yourself by infusing magical energy.
You passively map the area around you.
You do not regenerate.


Message History

The minotaur hits you with a +2 scimitar of protection!
* * * LOW HITPOINT WARNING * * *
The minotaur barely misses you.
You are too injured to fight recklessly!
You hit the minotaur but do no damage.
The minotaur is severely wounded.
The minotaur hits you with a +2 scimitar of protection.
You block the minotaur's attack.
You are too injured to fight recklessly!
You hit the minotaur but do no damage. Lightning courses through the minotaur!
The minotaur is almost dead.
The minotaur hits you with a +2 scimitar of protection.
* * * LOW HITPOINT WARNING * * *
The minotaur gores you.
* * * LOW HITPOINT WARNING * * *
You don't have enough innate magic capacity.
You barely miss the minotaur.
The minotaur is almost dead.
The minotaur hits you with a +2 scimitar of protection!!
You die...

#########
#.......#
#.#####.# #.#
..#.# #.# #H#.#
#.# #@#.# #.#
#.#.# #.###.#.#
#.....#.#
#######.#
#.....# #.#####
#######.#######
#.............#


You could see a minotaur.

Vanquished Creatures
  Gastronok (D:10)
  A death ooze (Gauntlet)
  Erolcha (D:10)
  3 two-headed ogres
  A manticore (D:9)
  Joseph (D:10)
  A komodo dragon (D:9)
  An ice devil (Gauntlet)
  2 trolls (D:9)
  Grinder (D:5)
  A hippogriff (D:10)
  A slime creature (Gauntlet)
  3 shadows (Gauntlet)
  Eustachio (D:5)
  Menkaure (D:5)
  4 wargs (D:11)
  A black bear (D:6)
  Duvessa (D:5)
  A sky beast (D:10)
  5 orc warriors
  An ice beast (D:5)
  2 phantoms
  An eye of draining (D:10)
  4 ogres
  A necrophage (D:8)
  7 centaurs
  A gnoll sergeant (D:5)
  6 bullfrogs
  Blork the orc (D:5)
  Dowan (D:5)
  2 scorpions
  3 killer bees (D:10)
  An electric eel (D:8)
  6 howler monkeys
  3 wights (D:9)
  2 bullfrog skeletons
  2 centaur skeletons
  A bullfrog zombie (D:8)
  6 hounds
  6 jellies
  5 orc priests
  7 iguanas
  5 orc wizards
  6 worker ants
  Terence (D:3)
  A hound zombie (D:6)
  2 worker ant zombies
  7 gnolls (D:5)
  6 adders
  2 shadow imps
  5 white imps
  2 ufetubi
  An adder skeleton (D:5)
  4 worms
  2 dart slugs (D:1)
  3 leopard geckos
  54 orcs
  6 giant cockroaches
  3 goblins
  2 hobgoblins
  2 jackals (D:3)
  4 quokkas
  A bat (D:1)
  5 frilled lizards
  A jackal skeleton (D:5)
  A jackal zombie (D:5)
  3 kobolds (D:1)
  3 quokka skeletons
  7 rats
240 creatures vanquished.

Vanquished Creatures (others)
  32 plants (D:9)
  A withered plant (Gauntlet)
33 creatures vanquished.

Grand Total: 273 creatures vanquished

Notes
Turn   | Place    | Note
-------+----------+-------------------------------------------
     0 | D:1      | Flugslaktarn the Deep Dwarf Fighter began the quest for the
                  | Orb.
     0 | D:1      | Reached XP level 1. HP: 20/20 MP: 1/1
   149 | D:1      | Reached XP level 2. HP: 22/27 MP: 2/2
   242 | D:2      | Reached XP level 3. HP: 31/34 MP: 2/2
   288 | D:3      | Noticed Terence
   300 | D:3      | Killed Terence
   300 | D:3      | Reached skill level 3 in Axes
   355 | D:3      | Found an ancient bone altar of Kikubaaqudgha.
   374 | D:4      | Reached XP level 4. HP: 37/42 MP: 2/2
   376 | D:4      | Noticed an angel
   378 | D:4      | Found a glowing silver altar of Zin.
   386 | D:4      | Found a shimmering altar of Xom.
   446 | D:4      | Got a translucent tin ring
   465 | D:4      | Identified the ring of Dozaq {rF+ rC- Int+6 Dex+5} (You
                  | found it on level 4 of the Dungeon)
   487 | D:4      | Noticed an ogre
   496 | D:4      | HP: 1/43 [ogre/+0 giant spiked club (22)]
   499 | D:4      | Killed an ogre
   499 | D:4      | Reached skill level 4 in Axes
   499 | D:4      | Reached XP level 5. HP: 30/50 MP: 1/1
   684 | D:4      | Noticed a phantom
   696 | D:4      | Killed a phantom
   696 | D:4      | Reached XP level 6. HP: 48/57 MP: 1/1
   726 | D:4      | Noticed a moth of wrath
   729 | D:4      | Found a bloodstained altar of Trog.
  1050 | D:5      | Entered Level 5 of the Dungeon
  1063 | D:5      | Noticed Eustachio
  1105 | D:5      | Killed Eustachio
  1105 | D:5      | Reached skill level 5 in Axes
  1125 | D:5      | Found a transporter.
  1133 | D:5      | Reached XP level 7. HP: 44/66 MP: 2/2
  1294 | D:5      | Found a transporter.
  1331 | D:5      | Reached skill level 5 in Fighting
  1348 | D:5      | Reached skill level 5 in Shields
  1376 | D:5      | Found a radiant altar of Vehumet.
  1415 | D:5      | Noticed Duvessa
  1415 | D:5      | Noticed Dowan
  1422 | D:5      | Killed Dowan
  1422 | D:5      | Reached skill level 5 in Armour
  1425 | D:5      | Killed Duvessa
  1425 | D:5      | Reached skill level 6 in Axes
  1434 | D:5      | Noticed Grinder
  1444 | D:5      | Killed Grinder
  1444 | D:5      | Reached XP level 8. HP: 60/76 MP: 2/2
  1447 | D:5      | Noticed Blork the orc
  1453 | D:5      | Killed Blork the orc
  1652 | D:5      | Noticed Menkaure
  1665 | D:5      | Killed Menkaure
  1665 | D:5      | Reached skill level 7 in Axes
  2001 | D:5      | Reached skill level 1 in Dodging
  2328 | D:6      | Gained mutation: You passively map the area around you.
                  | [Deep Dwarf growth]
  2328 | D:6      | Reached XP level 9. HP: 53/85 MP: 3/3
  2522 | D:7      | Found a basalt altar of Yredelemnul.
  2610 | D:7      | Found a white marble altar of Elyvilon.
  2610 | D:7      | Found a shimmering blue altar of Sif Muna.
  2736 | D:7      | Reached skill level 8 in Axes
  2894 | D:7      | Found a staircase to the Ecumenical Temple.
  2916 | Temple   | Entered the Ecumenical Temple
  3064 | Temple   | Became a worshipper of Makhleb the Destroyer
  3556 | D:8      | Reached skill level 1 in Invocations
  3631 | D:8      | Reached skill level 1 in Evocations
  3794 | D:8      | Noticed a two-headed ogre
  3794 | D:8      | Noticed a two-headed ogre
  3826 | D:8      | Killed a two-headed ogre
  3828 | D:8      | Killed a two-headed ogre
  3828 | D:8      | Reached skill level 9 in Axes
  3828 | D:8      | Reached XP level 10. HP: 65/96 MP: 2/4
  4072 | D:9      | Reached * piety under Makhleb
  4254 | D:9      | Noticed a manticore
  4262 | D:9      | Killed a manticore
  4470 | D:9      | Found a staircase to the Lair.
  4667 | D:9      | Reached ** piety under Makhleb
  4839 | D:10     | Entered Level 10 of the Dungeon
  4874 | D:10     | Noticed a two-headed ogre
  4879 | D:10     | Reached skill level 10 in Axes
  4885 | D:10     | Killed a two-headed ogre
  4885 | D:10     | Reached skill level 5 in Dodging
  4950 | D:10     | Reached skill level 5 in Evocations
  4974 | D:10     | Reached skill level 5 in Invocations
  5028 | D:10     | Reached XP level 11. HP: 61/104 MP: 4/4
  5059 | D:10     | Noticed Gastronok
  5073 | D:10     | Killed Gastronok
  5114 | D:10     | Noticed Erolcha
  5118 | D:10     | Noticed Joseph
  5132 | D:10     | Killed Erolcha
  5237 | D:10     | Killed Joseph
  5400 | D:11     | Found a staircase to the Orcish Mines.
  5424 | D:11     | Found a gate leading to a gauntlet.
  5433 | Gauntlet | Entered a Gauntlet
  5433 | Gauntlet | Found a transporter.
  5433 | Gauntlet | Found a transporter.
  5445 | Gauntlet | Found a transporter.
  5459 | Gauntlet | Found a large runed translucent door.
  5460 | Gauntlet | Found a large runed translucent door.
  5461 | Gauntlet | Found a large runed translucent door.
  5461 | Gauntlet | Found a large runed translucent door.
  5461 | Gauntlet | Found a large runed translucent door.
  5461 | Gauntlet | Found a large runed translucent door.
  5461 | Gauntlet | Found a large runed translucent door.
  5461 | Gauntlet | Found a large runed translucent door.
  5462 | Gauntlet | Found a runed translucent door.
  5462 | Gauntlet | Found a runed translucent gate.
  5463 | Gauntlet | Found a transporter.
  5463 | Gauntlet | Found a runed translucent gate.
  5463 | Gauntlet | Found a transporter.
  5463 | Gauntlet | Found a transporter.
  5465 | Gauntlet | Found a transporter.
  5465 | Gauntlet | Found a transporter.
  5467 | Gauntlet | Noticed a cacodemon
  5481 | Gauntlet | Found a transporter.
  5492 | Gauntlet | Found a transporter.
  5501 | Gauntlet | Found a transporter.
  5501 | Gauntlet | Identified the ring of the Butterfly {AC+4 Int+2}
  5505 | Gauntlet | Found a runed translucent door.
  5519 | Gauntlet | Found a transporter.
  5528 | Gauntlet | Found a large runed translucent door.
  5529 | Gauntlet | Found a large runed translucent door.
  5529 | Gauntlet | Noticed a death ooze
  5530 | Gauntlet | Found a large runed translucent door.
  5530 | Gauntlet | Found a large runed translucent door.
  5530 | Gauntlet | Found a large runed translucent door.
  5530 | Gauntlet | Found a large runed translucent door.
  5531 | Gauntlet | Found a runed translucent gate.
  5531 | Gauntlet | Found a large runed translucent door.
  5531 | Gauntlet | Found a runed translucent door.
  5531 | Gauntlet | Found a large runed translucent door.
  5536 | Gauntlet | Found a transporter.
  5545 | Gauntlet | Noticed a soul eater
  5547 | Gauntlet | Found a transporter.
  5577 | Gauntlet | Reached skill level 11 in Axes
  5634 | Gauntlet | Killed a death ooze
  5645 | Gauntlet | Got a twisted hat
  5680 | Gauntlet | Identified the cursed -5 hat "Miehoa" {Dex+4} (You found it
                  | in a Gauntlet)
  5718 | Gauntlet | Noticed a minotaur
  5729 | Gauntlet | Slain by a minotaur

Illustrated notes

Levels and vault maps discovered:
D:1:      dpeg_arrival_yet_another_circle, layout_basic, minmay_pentomino_q4
D:2:      layout_loops_ring, lemuel_round_altar, okawaru_ov_weapons_minmay,
          nemelex_xobeh_ov_fountains_minmay, uniq_natasha
D:3:      layout_loops_ring, lemuel_round_altar, minmay_lizard_king, uniq_ijyb,
          uniq_terence
D:4:      layout_loops_ring, grunt_temple_overflow_order_and_chaos_1, tgw_trog
D:5:      gammafunk_steamed_eel, layout_basic, lemuel_round_altar,
          lightli_minifort, uniq_menkaure, uniq_blork_the_orc, uniq_grinder,
          uniq_duvessa, uniq_eustachio
D:6:      layout_cave_pools
D:7:      layout_basic, lemuel_doored_altar, gammafunk_temple_overflow_statue,
          minmay_temple_entry_glassed_door
D:8:      layout_basic, minivault_14
D:9:      layout_roguey [special_room_orc], david_lair_shrubbed
D:10:     layout_gridville, chequers_garden, solitary_fountain, uniq_erolcha,
          uniq_gastronok, uniq_joseph
D:11:     layout_small_grid, minmay_orc_entry_guard_dogs,
          gauntlet_entry_generic, nicolae_blasting_shop, hangedman_tree_tricks
Temple:   nicolae_temple_figure_eight
Gauntlet: gammafunk_gauntlet_mixed_choke_point
          [minmay_gauntlet_arena_77_terracotta_army,
          minmay_gauntlet_arena_77_box, minmay_gauntlet_arena_77_two_paths,
          minmay_gauntlet_arena_make_your_own_arena,
          minmay_gauntlet_arena_77_block_sizes,
          minmay_gauntlet_arena_77_hold_the_fort, minmay_gauntlet_arena_77_path,
          gauntlet_exit_spiral]

Skill      XL: |  1  2  3  4  5  6  7  8  9 10 11 |
---------------+----------------------------------+-----
Fighting       | 3 4 5 6 7 8 9 |  9.7
Axes           | 3 4 5 6 7 9 10 11 | 11.2
Armour         | 4 5 6 7 8 |  8.4
Shields        | 4 5 6 |  6.3
Dodging        | 2 3 5 6 |  6.1
Invocations    | 3 5 6 |  6.4
Evocations     | 3 5 6 |  6.5

Action                   |  1- 3 |  4- 6 |  7- 9 | 10-12 || total
-------------------------+-------+-------+-------+-------++-------
Melee: War axe           |    57 |    97 |   291 |    30 ||   475
       Battleaxe         |       |       |       |   239 ||   239
 Abil: Heal Wounds       |     2 |     4 |    12 |    19 ||    37
Evoke: Wand              |       |       |     3 |       ||     3
  Use: Scroll            |       |       |    12 |    14 ||    26
       Potion            |       |       |       |     2 ||     2
 Stab: Invisible         |       |       |       |     1 ||     1
Armor: Scale mail        |    19 |    65 |    33 |       ||   117
       Chain mail        |       |       |    47 |       ||    47
       Plate armour      |       |       |    62 |   174 ||   236
Dodge: Dodged            |    18 |    37 |    69 |   146 ||   270
Block: Kite shield       |    20 |    66 |   188 |    17 ||   291
       Other             |       |       |       |    36 ||    36
       Reflection        |       |       |       |     7 ||     7

Table legend: (Time is in decaauts)
 A = Elapsed time spent in this place.
 B = Non-inter-level travel time spent in this place.
 C = Inter-level travel time spent in this place.
 D = Time resting spent in this place.
 E = Time spent auto-exploring this place.
 F = Levels seen in this place.
 G = Mean time per level.
                   A        B        C        D        E       F      G
               +--------+--------+--------+--------+--------+-----+--------+
         Total |   5897 |   5619 |    278 |    100 |   3810 |  13 |  453.6 |
       Dungeon |   5437 |   5176 |    261 |    100 |   3539 |  11 |  494.3 |
        Temple |    158 |    141 |     17 |      0 |    139 |   1 |  158.0 |
      Gauntlet |    301 |    301 |      0 |      0 |    132 |   1 |  301.0 |
               +--------+--------+--------+--------+--------+-----+--------+

Top non-repeatable levels by time:
     D:5: 1076 daAuts
     D:7: 851 daAuts
     D:9: 817 daAuts
     D:4: 703 daAuts
    D:10: 576 daAuts
     D:8: 546 daAuts
     D:6: 435 daAuts
Gauntlet: 301 daAuts
     D:1: 251 daAuts
  Temple: 158 daAuts
     D:3: 117 daAuts
    D:11: 35 daAuts
     D:2: 25 daAuts
